 Dungeon Crawl Stone Soup version 0.23.0 (webtiles) character file.

Game seed: 7800562160588243691

3307 lyphon the Arsonist (level 10, -3/74 HPs)
             Began as a Human Fire Elementalist on Feb 9, 2019.
             Was a Priest of Sif Muna.
             Slain by a troll (6 damage)
             ... on level 9 of the Dungeon.
             The game lasted 00:25:56 (8539 turns).

lyphon the Arsonist (Human Fire Elementalist)       Turns: 8539, Time: 00:25:57

Health: -3/74      AC:  6    Str:  9    XL:     10   Next: 21%
Magic:  7/33       EV: 13    Int: 18    God:    Sif Muna [***...]
Gold:   393        SH:  0    Dex: 14    Spells: 9/20 levels left

rFire    . . .     SeeInvis .   I - staff of power
rCold    . . .     Gourm    .   (no shield)
rNeg     . . .     Faith    .   h - +0 robe
rPois    .         Spirit   .   t - +0 helmet
rElec    .         Reflect  .   (no cloak)
rCorr    .         Harm     .   J - +0 pair of gloves
MR       .....                  v - +1 pair of boots
Stlth    +++.......             (no amulet)
HPRegen  0.22/turn              C - +1 ring of evasion
MPRegen  0.23/turn              q - ring of stealth

@: very slightly contaminated
A: no striking features
a: Divine Energy, Channel Magic, Renounce Religion


You were on level 9 of the Dungeon.
You worshipped Sif Muna.
Sif Muna was most pleased with you.
You were not hungry.

You visited 1 branch of the dungeon, and saw 9 of its levels.

You collected 393 gold pieces.

Inventory:

Hand Weapons
 a - a +0 short sword
 b - a +2 hunting sling of freezing
 u - a +0 club
Missiles
 f - 161 stones (quivered)
 m - 7 javelins
Armour
 h - a +0 robe (worn)
 t - a +0 helmet (worn)
 v - a +1 pair of boots (worn)
 J - a +0 pair of gloves (worn)
Magical Staves
 I - an uncursed staff of power (weapon)
Jewellery
 k - an uncursed ring of protection from magic
 q - a ring of stealth (right hand)
 C - a +1 ring of evasion (left hand)
 F - a +3 ring of evasion
 H - a +1 ring of evasion
Wands
 x - a wand of paralysis (11)
 G - a wand of flame (16)
Scrolls
 d - 7 scrolls of identify
 g - 2 scrolls of immolation {unknown}
 i - 7 scrolls of teleportation
 j - 4 scrolls of remove curse {unknown}
 n - 2 scrolls of blinking {unknown}
 y - 2 scrolls of enchant armour {unknown}
 D - 3 scrolls of amnesia {unknown}
 E - a scroll of fog {unknown}
Potions
 e - 2 potions of haste
 l - a potion of magic {unknown}
 o - a potion of invisibility {unknown}
 p - a potion of resistance {unknown}
 r - a potion of berserk rage {unknown}
 s - a potion of curing {unknown}
 w - 3 potions of brilliance
 z - a potion of heal wounds {unknown}
 A - a potion of lignification {unknown}
 B - 3 potions of agility
Comestibles
 c - 4 rations


   Skills:
 + Level 5.1 Fighting
 - Level 0.2 Short Blades
 - Level 2.0 Dodging
 - Level 2.0 Stealth
 + Level 5.8 Spellcasting
 * Level 7.7 Conjurations
 * Level 8.7 Fire Magic


You had 9 spell levels left.
You knew the following spells:

 Your Spells              Type           Power        Failure   Level  Hunger
a - Flame Tongue          Conj/Fire      ####.        1%          1    None
b - Throw Flame           Conj/Fire      ####..       1%          2    None
c - Conjure Flame         Conj/Fire      ####....     1%          3    ##.....
e - Fireball              Conj/Fire      ####......   12%         5    #####..

Your spell library contained the following spells:

 Spells                   Type           Power        Failure   Level  Hunger
 Sticky Flame             Conj/Fire      ####....     4%          4    ####...
 Inner Flame              Hex/Fire       ###.....     6%          3    ##.....
 Animate Skeleton         Necr           N/A          12%         1    None
 Apportation              Tloc           #.....       12%         1    None
 Confusing Touch          Hex            #.....       12%         1    None
 Summon Small Mammal      Summ           #...         12%         1    None


Dungeon Overview and Level Annotations

Branches:
Dungeon (9/15)             Temple (0/1) D:5            Lair (0/6) D:8
    Orc: D:9-12

Altars:
Cheibriados
Makhleb
Nemelex Xobeh
Ru
Sif Muna
Trog
Uskayaw
Vehumet
Xom
Yredelemnul
Zin
The Shining One


Message History

Aim: a killer bee (lightly wounded)
The flame tongue hits the killer bee!
The killer bee is severely wounded.
A troll comes into view.
Casting: Flame Tongue (safe; 1% risk of failure)
Confirm with . or Enter, or press ? or * to list all spells.
Aiming: Flame Tongue (safe; 1% risk of failure)
Press: ? - help, Shift-Dir - straight line, f/p - killer bee
Aim: a killer bee (severely wounded)
The flame tongue hits the killer bee!
You kill the killer bee!
Sif Muna accepts your kill.
The troll shouts!
A killer bee comes into view.
The killer bee moves out of view.
You can't go down here!
The troll bites you!
* * * LOW HITPOINT WARNING * * *
The troll completely misses you. The troll claws you.
You die...

..# ... .[#
..# ##
..##### #.
.......
##.##...##.#
#.T@ยง.......
#.#######..#
#


You could see a troll.

Vanquished Creatures
  A two-headed ogre (D:8)
  3 black bears
  2 ice beasts
  2 ogres (D:4)
  3 centaurs
  4 bullfrogs
  12 killer bees
  2 howler monkeys
  3 crimson imps
  3 bullfrog skeletons
  2 hounds
  A centaur zombie (D:7)
  A centaur skeleton (D:8)
  3 orc priests
  6 orc wizards
  Jessica (D:2)
  5 worker ants
  A hound skeleton (D:5)
  A worker ant zombie (D:7)
  Robin (D:1)
  3 gnolls
  10 adders
  A howler monkey skeleton (D:7)
  An adder skeleton (D:5)
  An adder zombie (D:5)
  6 worms
  A leopard gecko (D:3)
  25 orcs
  A ball python (D:3)
  4 bats (D:3)
  3 giant cockroaches
  14 goblins
  6 hobgoblins
  9 jackals
  4 quokkas
  5 kobolds
  A leopard gecko zombie (D:6)
  12 rats
164 creatures vanquished.

Vanquished Creatures (others)
  A quokka (D:8)
1 creature vanquished.

Grand Total: 165 creatures vanquished

Notes
Turn   | Place    | Note
-------+----------+-------------------------------------------
     0 | D:1      | lyphon the Human Fire Elementalist began the quest for the
                  | Orb.
     0 | D:1      | Reached XP level 1. HP: 13/13 MP: 3/3
   415 | D:1      | Reached XP level 2. HP: 19/19 MP: 3/5
   890 | D:2      | Noticed Jessica
  1118 | D:2      | Killed Jessica
  1118 | D:2      | Reached XP level 3. HP: 24/24 MP: 3/6
  1122 | D:2      | Learned a level 2 spell: Throw Flame
  1126 | D:2      | Learned a level 3 spell: Conjure Flame
  1191 | D:2      | Reached skill level 4 in Fire Magic
  1248 | D:2      | Noticed Robin
  1272 | D:1      | Killed Robin
  1272 | D:1      | Reached XP level 4. HP: 25/30 MP: 2/8
  1838 | D:3      | Reached XP level 5. HP: 35/35 MP: 9/9
  1910 | D:3      | Found a faded altar of an unknown god.
  2209 | D:3      | Reached skill level 1 in Fighting
  2282 | D:3      | Found a basalt altar of Yredelemnul.
  2282 | D:3      | Found a glowing silver altar of Zin.
  2283 | D:3      | Found a hide-covered altar of Uskayaw.
  2283 | D:3      | Found a sparkling altar of Nemelex Xobeh.
  2333 | D:3      | Reached XP level 6. HP: 40/43 MP: 3/11
  2497 | D:3      | Found a burning altar of Makhleb.
  3327 | D:4      | Found a bloodstained altar of Trog.
  3618 | D:4      | Noticed an ogre
  3623 | D:4      | Killed an ogre
  3690 | D:4      | Noticed an ogre
  3695 | D:4      | Killed an ogre
  3695 | D:4      | Reached skill level 5 in Fire Magic
  3695 | D:4      | Reached XP level 7. HP: 49/49 MP: 9/12
  3784 | D:4      | Found a deep blue altar of Sif Muna.
  3790 | D:4      | Became a worshipper of Sif Muna the Loreminder
  4250 | D:5      | Entered Level 5 of the Dungeon
  4251 | D:5      | Found a staircase to the Ecumenical Temple.
  4678 | D:5      | Reached XP level 8. HP: 42/57 MP: 14/14
  4703 | D:5      | Reached skill level 6 in Fire Magic
  4930 | D:5      | Found a snail-covered altar of Cheibriados.
  5007 | D:5      | Reached * piety under Sif Muna
  5133 | D:5      | Learned a level 5 spell: Fireball
  5332 | D:6      | Reached skill level 5 in Conjurations
  5377 | D:6      | HP: 2/58 [poisoned by a worker ant]
  5975 | D:6      | Reached XP level 9. HP: 47/64 MP: 9/16
  6105 | D:6      | Reached skill level 7 in Fire Magic
  6789 | D:7      | Found a radiant altar of Vehumet.
  6791 | D:7      | Reached skill level 5 in Spellcasting
  6798 | D:7      | Reached ** piety under Sif Muna
  7614 | D:7      | Found a shimmering altar of Xom.
  8159 | D:8      | Noticed a two-headed ogre
  8175 | D:8      | Killed a two-headed ogre
  8175 | D:8      | Reached skill level 8 in Fire Magic
  8175 | D:8      | Reached XP level 10. HP: 73/73 MP: 17/18
  8262 | D:8      | Found a sacrificial altar of Ru.
  8354 | D:8      | Reached skill level 5 in Fighting
  8467 | D:8      | Found a glowing golden altar of the Shining One.
  8484 | D:8      | Reached *** piety under Sif Muna
  8500 | D:8      | Found a staircase to the Lair.
  8500 | D:8      | Noticed a death yak
  8501 | D:8      | Noticed an elephant
  8539 | D:9      | HP: 3/74 [troll (15)]
  8539 | D:9      | Slain by a troll

Skill      XL: |  1  2  3  4  5  6  7  8  9 10 |
---------------+-------------------------------+-----
Fire Magic     | 4 5 6 8 |  8.7
Spellcasting   | 3 4 5 |  5.8
Conjurations   | 2 3 4 5 7 |  7.7
Fighting       | 1 2 3 4 5 |  5.1
Short Blades   | |  0.2
Dodging        | |  2.0
Stealth        | |  2.0

Action                   |  1- 3 |  4- 6 |  7- 9 | 10-12 || total
-------------------------+-------+-------+-------+-------++-------
Melee: Short sword       |    21 |   247 |     4 |       ||   272
 Fire: Hunting sling     |       |    95 |    85 |       ||   180
Throw: Stone             |    11 |       |       |       ||    11
 Cast: Flame Tongue      |    33 |    65 |   185 |    22 ||   305
       Throw Flame       |       |       |    13 |     3 ||    16
       Fireball          |       |       |     5 |     4 ||     9
       Conjure Flame     |       |       |     3 |     4 ||     7
  Use: Scroll            |       |     1 |     3 |     1 ||     5
       Potion            |       |       |     2 |       ||     2
  Eat: Chunk             |     1 |     5 |     3 |       ||     9
       Ration            |       |     1 |     4 |     1 ||     6
Armor: Robe              |     9 |    92 |    33 |     6 ||   140
Dodge: Dodged            |    20 |   160 |   124 |    21 ||   325
